 Dungeon Crawl Stone Soup version 0.20-a0-1006-ge6c5631 (webtiles) character file.

1731 FastMan the Cleaver (level 9, -3/71 HPs)
             Began as a Formicid Fighter on Apr 14, 2017.
             Was a Believer of Okawaru.
             Slain by a two-headed ogre
             ... wielding a +0 giant club
              (6 damage)
             ... on level 8 of the Dungeon.
             The game lasted 00:05:02 (5428 turns).

FastMan the Cleaver (Formicid Fighter)              Turns: 5428, Time: 00:05:03

Health: -3/71      AC: 14    Str: 22    XL:     9   Next: 25%
Magic:  0/18       EV:  7    Int:  8    God:    Okawaru [**....]
Gold:   335        SH: 11    Dex: 12    Spells: 8/8 levels left

rFire    . . .     SeeInvis +   a - +0 war axe
rCold    . . .     Gourm    .   c - +0 shield
rNeg     . . .     Faith    .   y - +1 chain mail {rPois}
rPois    +         Spirit   +   (helmet unavailable)
rElec    .         Reflect  .   (no cloak)
rCorr    .         Harm     .   l - +0 pair of gloves
MR       .....                  s - +2 pair of boots
Stlth    ..........             m - amulet of guardian spirit
Regen    0.3/turn               q - ring of poison resistance
MPRegen  0.2/turn               r - ring of magical power

@: no status effects
A: permanent stasis, dig shafts and tunnels, four strong arms, antennae 3
a: Dig, Shaft Self, Heroism, Renounce Religion


You were on level 8 of the Dungeon.
You worshipped Okawaru.
Okawaru was pleased with you.
You were not hungry.

You visited 1 branch of the dungeon, and saw 8 of its levels.

You collected 335 gold pieces.

Inventory:

Hand Weapons
 a - a +0 war axe (weapon)
Armour
 c - a +0 shield (worn)
 l - a +0 pair of gloves (worn)
 s - a +2 pair of boots (worn)
 y - a +1 chain mail of poison resistance (worn)
Jewellery
 m - an amulet of guardian spirit (around neck)
 q - a ring of poison resistance (left hand)
 r - a ring of magical power (right hand)
Scrolls
 g - a scroll of identify {unknown}
 h - a scroll of enchant armour {unknown}
 n - 3 scrolls of remove curse {@r2}
 p - a scroll of immolation {unknown}
 u - a scroll of holy word {unknown}
 v - a scroll of enchant weapon {unknown}
 z - a scroll of blinking {unknown}
Potions
 d - a potion of ambrosia {unknown}
 e - a potion of curing {@q1}
 i - a potion of haste {unknown}
 t - 2 potions of invisibility {unknown}
 w - a potion of might {@q4}
 x - a potion of brilliance {unknown}
Comestibles
 b - a chunk of flesh
 f - 3 bread rations {@e1}
 j - 5 meat rations {@e2}
 k - 15 fruits {@e4}
 o - 2 royal jellies {@e3}


   Skills:
 + Level 6.9 Fighting
 * Level 8.2 Axes
 - Level 3.2 Armour
 + Level 7.7 Shields


You had 8 spell levels left.
You didn't know any spells.

Dungeon Overview and Level Annotations

Branches:
Dungeon (8/15)
 Temple: D:4-7         Lair: D:8-11

Altars:
Elyvilon
Hepliaklqana
Okawaru
Sif Muna
Wu Jian
Zin

Shops:
D:7 [

Portals:
Ossuary: D:5

Annotations:
D:3 exclusion: dart slug
D:5 avis's ghost, novice NaIE
D:8 Grum


Innate Abilities, Weirdness & Mutations

You cannot be hasted, slowed, berserked, paralysed or teleported.
You can dig through walls and to a lower floor.
Your four strong arms can wield two-handed weapons with a shield.
You have a pair of large antennae on your head. (SInv)


Message History

A scorpion comes into view.
You slash the two-headed ogre!
The two-headed ogre is severely wounded.
Grum barely misses you.
You barely miss the two-headed ogre.
The two-headed ogre is severely wounded.
The two-headed ogre hits you with a giant club!
* * * LOW HITPOINT WARNING * * *
The two-headed ogre completely misses you.
You hit the two-headed ogre but do no damage.
The two-headed ogre is severely wounded.
You block Grum's attack.
Unknown command.
You hit the two-headed ogre.
The two-headed ogre is almost dead.
You feel like a meek peon again.
The two-headed ogre hits you with a giant club!!
* * * LOW HITPOINT WARNING * * *
The two-headed ogre hits you with a giant spiked club!
You die...

:###. ....## #
..... .##....
.....#
#.gs####.#
#.†O....#. #@#
#.# #.# #.#
#.# #.# #.#
#.# #.# #.#
#.# ##.##
#.###.#.####.#
#....###.....#
#####.#.######


You could see a two-headed ogre, Grum and a scorpion.

Vanquished Creatures
  A steam dragon (D:8)
  The ghost of GoodGuyCisco the Stinger, an amateur DrVM (D:3)
  An orc warrior (D:7)
  An ice beast (D:7)
  A sky beast (D:6)
  2 phantoms
  A black bear (D:7)
  An ogre (D:7)
  2 wolves (D:8)
  A centaur (D:7)
  A scorpion (D:4)
  A crimson imp (D:6)
  A centaur zombie (D:8)
  3 orc priests
  2 iguanas
  3 orc wizards
  3 worker ants
  A howler monkey zombie (D:6)
  6 adders
  2 oozes
  4 adder skeletons
  A worm (D:2)
  2 dart slugs
  9 leopard geckos
  14 orcs
  9 bats
  10 giant cockroaches
  4 goblins
  7 hobgoblins
  5 jackals
  15 kobolds
  8 quokkas
  A ball python (D:6)
  3 frilled lizards
  A quokka skeleton (D:4)
  6 rats
134 creatures vanquished.

Notes
Turn   | Place    | Note
-------+----------+-------------------------------------------
     0 | D:1      | FastMan the Formicid Fighter began the quest for the Orb.
     0 | D:1      | Reached XP level 1. HP: 18/18 MP: 1/1
    75 | D:1      | Reached XP level 2. HP: 17/24 MP: 2/2
   408 | D:1      | Reached XP level 3. HP: 27/29 MP: 3/3
   830 | D:2      | Reached skill level 3 in Axes
   833 | D:2      | Found a hazy altar of Hepliaklqana.
   921 | D:2      | Reached XP level 4. HP: 26/37 MP: 4/4
  1053 | D:2      | Found a glowing silver altar of Zin.
  1638 | D:3      | Noticed GoodGuyCisco's ghost (amateur DrVM)
  1650 | D:3      | Killed GoodGuyCisco's ghost
  1650 | D:3      | Reached skill level 4 in Axes
  1650 | D:3      | Reached skill level 5 in Shields
  1650 | D:3      | Reached XP level 5. HP: 19/43 MP: 3/5
  1650 | D:3      | Reached XP level 6. HP: 22/49 MP: 3/6
  2206 | D:3      | Found an iron altar of Okawaru.
  2207 | D:3      | Found a deep blue altar of Sif Muna.
  2778 | D:4      | Noticed a phantom
  2810 | D:4      | Killed a phantom
  2810 | D:4      | Reached skill level 5 in Fighting
  2810 | D:4      | Reached skill level 5 in Axes
  2810 | D:4      | Reached XP level 7. HP: 46/56 MP: 5/7
  2932 | D:4      | Found an ornate altar of the Wu Jian Council.
  3130 | D:3      | Became a worshipper of Warmaster Okawaru
  3262 | D:5      | Entered Level 5 of the Dungeon
  3269 | D:5      | Noticed avis's ghost (novice NaIE)
  3464 | D:5      | Found a sand-covered staircase.
  3611 | D:6      | Reached skill level 6 in Axes
  3714 | D:6      | Reached XP level 8. HP: 57/63 MP: 8/8
  4042 | D:6      | Found a glowing drain.
  4144 | D:7      | Found Zuosacsi's Armour Boutique.
  4333 | D:7      | HP: 2/64 [orc warrior/dire flail (15)]
  4334 | D:7      | Reached * piety under Okawaru
  4719 | D:7      | Found a white marble altar of Elyvilon.
  4822 | D:7      | Reached skill level 7 in Axes
  5166 | D:8      | Reached XP level 9. HP: 49/71 MP: 9/9
  5201 | D:8      | Reached ** piety under Okawaru
  5413 | D:8      | Noticed Grum
  5415 | D:8      | Noticed a two-headed ogre
  5419 | D:8      | Reached skill level 8 in Axes
  5428 | D:8      | HP: 3/71 [two-headed ogre/giant club (15)]
  5428 | D:8      | Slain by a two-headed ogre

Vault maps used:
D:1:      elethiomel_arrival_infinity_welcomes_careful_drivers
D:2:      lemuel_doored_altar, marbit_many_paths, minmay_octomino_c4
D:3:      kennysheep_slug_shrine, nicolae_overflow_hidden_temple
D:4:      old_standard_altar, first_bread, uniq_edmund
D:5:      nicolae_overflow_crystal_walls, nicolae_ossuary_entry_ruins
D:6:      gup_sewer_entry_pipe, minmay_misc_feat_more_columns
D:7:      kennysheep_little_box, lemuel_temple_firewalk_b, serial_shops,
          nicolae_shop_competitors_out_of_business, grunt_livestock,
          kennysheep_flooded_box
D:8:      nicolae_gozag_zags_fifth_avenue, uniq_grum, uniq_maurice

Skill      XL: |  1  2  3  4  5  6  7  8  9 |
---------------+----------------------------+-----
Shields        | 4 5 6 7 |  7.7
Axes           | 3 4 5 6 7 8 |  8.2
Fighting       | 4 5 6 |  6.9
Armour         | |  3.2

Action                   |  1- 3 |  4- 6 |  7- 9 || total
-------------------------+-------+-------+-------++-------
Melee: War axe           |   135 |   176 |   274 ||   585
Invok: Heroism           |       |       |     2 ||     2
  Use: Potion            |       |     4 |     1 ||     5
       Scroll            |       |     6 |       ||     6
  Eat: Chunk             |       |     7 |     9 ||    16
Armor: Scale mail        |    71 |    81 |    84 ||   236
       Chain mail        |       |       |    34 ||    34
Dodge: Dodged            |    73 |    37 |    90 ||   200
Block: Shield            |    89 |    87 |   152 ||   328
